 Dungeon Crawl Stone Soup version 0.19-a0-1008-g4c63d25 (webtiles) character file.

275 HenryFlower the Slasher (level 6, 0/39 HPs)
             Began as a High Elf Skald on July 23, 2016.
             Slain by an orc
             ... wielding a +0 trident
              (8 damage)
             ... on level 4 of the Dungeon.
             The game lasted 00:07:12 (4171 turns).

HenryFlower the Slasher (High Elf Skald)            Turns: 4171, Time: 00:07:13

Health: 0/39       AC:  5    Str: 11    XL:     6   Next: 3%
Magic:  5/10       EV: 16    Int: 17    God:
Gold:   144        SH:  2    Dex: 21    Spells: 3 memorised, 2 levels left

rFire  . . .     SeeInvis .     a - +0 falchion
rCold  . . .     Gourm    .     b - +0 leather armour
rNeg   . . .     Faith    .     (no shield)
rPois  .         Spirit   .     (no helmet)
rElec  .         Dismiss  .     (no cloak)
rCorr  .         Reflect  .     (no gloves)
SustAt .         Harm     .     (no boots)
MR     .....                    (no amulet)
Stlth  +++.......               (no ring)
                                (no ring)

@: agile, infused (expiring), not resistant to hostile enchantments, fairly
stealthy
A: large bone plates 1
a: no special abilities


You were on level 4 of the Dungeon.
You were not hungry.

You visited 1 branch of the dungeon, and saw 4 of its levels.

You collected 144 gold pieces.

Inventory:

Hand Weapons
 a - a +0 falchion (weapon)
Missiles
 l - 7 stones (quivered)
Armour
 b - a +0 leather armour (worn)
Wands
 h - a wand of lightning (4/15)
Scrolls
 e - a scroll of enchant weapon {unknown}
 g - 4 scrolls of teleportation
 j - a scroll of magic mapping {unknown}
 m - a scroll of enchant armour {unknown}
 q - a scroll of noise {unknown}
 s - a scroll of remove curse {unknown}
Potions
 f - a potion of agility
 p - a potion of flight
Books
 c - a book of Battle

   Spells                             Type                      Level
   a - Infusion                       Charms                       1
   b - Shroud of Golubria             Charms/Translocation         2
   c - Song of Slaying                Charms                       2
   d - Spectral Weapon                Hexes/Charms                 3
   e - Regeneration                   Charms/Necromancy            3
Comestibles
 d - 2 bread rations
 i - 4 chunks of flesh
 k - 2 beef jerkies
 n - 2 fruits


   Skills:
 - Level 2.0 Fighting
 * Level 7.3 Long Blades
 - Level 0.8 Armour
 - Level 1.1 Dodging
 - Level 2.4 Spellcasting
 + Level 1.0 Hexes
 + Level 4.0 Charms


You had 2 spell levels left.
You knew the following spells:

 Your Spells              Type           Power        Failure   Level  Hunger
a - Infusion              Chrm           ###.         6%          1    #......
b - Regeneration          Chrm/Necr      #.........   34%         3    ###....
c - Spectral Weapon       Hex/Chrm       ##......     28%         3    ###....


Dungeon Overview and Level Annotations

Branches:
Dungeon (4/15)
 Temple: D:4-7

Altars:

Annotations:
D:4 Dowan


Innate Abilities, Weirdness & Mutations

You are partially covered in large bone plates. (AC +2, SH +2)


Message History

Unknown command.
You hit the orc priest.
The orc priest is moderately wounded.
You feel less confused.
Your magical infusion is running out.
The orc priest closely misses you. The orc priest barely misses you.
You block the orc's attack.
Unknown command.
Unknown command.
You hit the orc priest.
The orc priest is heavily wounded.
The orc priest hits you.
* * * LOW HITPOINT WARNING * * *
The orc priest calls down the wrath of Beogh upon you.
Beogh smites you!
* * * LOW HITPOINT WARNING * * *
Unknown command.
You barely miss the orc priest.
The orc priest is heavily wounded.
The orc hits you from afar with a trident!
You die...

.....#...##÷.#
......#.......#
#.....+.[.....#
#.).##.....#.......#
....#......#....÷..#
#...#......##..##..#
#...#......##..##..#
....#..........#...#
....##.....##..#@..#
....##.....##..#oo.#
......<....##..##.o#
#...##.....##..##..#
######.............#
...................#
...................#
....##.....##......#
#...##.....##......#


You could see 2 orc priests and an orc.

Vanquished Creatures
  Duvessa (D:4)
  A hound (D:4)
  An orc wizard (D:4)
  A worker ant (D:4)
  An adder (D:2)
  An ooze (D:3)
  An adder skeleton (D:3)
  2 giant geckos (D:1)
  An orc (D:3)
  2 ball pythons (D:1)
  2 bats (D:1)
  4 giant cockroaches
  10 goblins
  7 hobgoblins
  11 jackals
  10 kobolds
  3 quokkas
  3 giant newts
  A jackal skeleton (D:4)
  6 rats
  A fungus (D:1)
70 creatures vanquished.

Notes
Turn   | Place    | Note
-------+----------+-------------------------------------------
     0 | D:1      | HenryFlower the High Elf Skald began the quest for the Orb.
     0 | D:1      | Reached XP level 1. HP: 14/14 MP: 4/4
   497 | D:1      | Reached skill level 3 in Long Blades
   607 | D:1      | Reached XP level 2. HP: 18/19 MP: 6/6
   996 | D:1      | Reached skill level 4 in Long Blades
  1407 | D:1      | Reached XP level 3. HP: 24/24 MP: 4/7
  2029 | D:2      | Gained mutation: Your magical capacity is low. (-10% MP) [potion of mutation]
  2029 | D:2      | Gained mutation: You are partially covered in large bone plates. (AC +2, SH +2) [potion of mutation]
  2029 | D:2      | Lost mutation: Your magical capacity is low. (-10% MP) [potion of mutation]
  2034 | D:2      | Learned a level 3 spell: Regeneration
  2226 | D:2      | Reached skill level 5 in Long Blades
  2727 | D:3      | Reached XP level 4. HP: 27/29 MP: 8/8
  2825 | D:3      | You fall through a shaft!
  2901 | D:4      | Noticed Duvessa
  2926 | D:4      | Killed Duvessa
  2926 | D:4      | Reached skill level 6 in Long Blades
  2926 | D:4      | Reached XP level 5. HP: 34/34 MP: 3/9
  2938 | D:4      | Noticed Dowan
  3282 | D:3      | Learned a level 3 spell: Spectral Weapon
  3482 | D:3      | Found a faded altar of an unknown god.
  3503 | D:3      | Reached skill level 7 in Long Blades
  4164 | D:4      | Reached skill level 1 in Hexes
  4164 | D:4      | Reached XP level 6. HP: 22/39 MP: 6/10
  4171 | D:4      | Slain by an orc

Vault maps used:
D:1:      dpeg_arrival_water_fire
D:3:      ecumenical_altar_1
D:4:      first_bread, uniq_duvessa

Skill      XL: |  1  2  3  4  5 |
---------------+----------------+-----
Long Blades    | 3 4 5 6 7 |  7.3
Hexes          | 1 |  1.0
Charms         | 4 |  4.0
Fighting       | |  2.0
Armour         | |  0.8
Dodging        | |  1.1
Spellcasting   | |  2.4

Action                   |  1- 3 |  4- 6 || total
-------------------------+-------+-------++-------
Melee: Falchion          |   186 |    90 ||   276
 Cast: Infusion          |     4 |     5 ||     9
       Regeneration      |     1 |       ||     1
  Use: Potion            |     3 |     3 ||     6
       Scroll            |     1 |     4 ||     5
 Stab: Sleeping          |     1 |       ||     1
  Eat: Chunk             |     7 |     4 ||    11
       Fruit             |       |     2 ||     2
Armor: Leather armour    |    33 |    24 ||    57
Dodge: Dodged            |    91 |    41 ||   132
Block: Other             |     3 |     7 ||    10
